FIQ, neutral male scurrid Tourist ---------- |...<..... |.....{..| |*..rI...| |........| ---..!.--- |....| ------ FIQ the Rambler Experience level: 1 Strength: 15 Dexterity: 13 Constitution: 14 Intelligence: 13 Wisdom: 9 Charisma: 11 Health: 0(9) Energy: 2(2) Def: 0 Gold: 841 Moves: 47 Dungeon seed: rv15ahe1lFncqs3m Game ID: FIQ_1498602993 Your Inventory: Coins $ - 841 gold pieces Weapons a - 46 uncursed +2 darts (in quiver) Armor e - an uncursed +0 Hawaiian shirt (being worn) Comestibles b - 5 uncursed food rations c - 7 uncursed tripe rations d - an uncursed cram ration f - an uncursed chestnut Scrolls h - 4 uncursed scrolls of magic mapping Potions g - 2 uncursed potions of extra healing Wands k - an uncursed wand of secret door detection (0:13) Tools i - an uncursed expensive camera (0:54) j - an uncursed credit card l - an uncursed tin opener Spells and supernatural/magical abilities: Name Level Category Fail Memory W - pray for help -- divine ? -- Your skills at the end: Miscellaneous Skills wands [Basic] Weapon Skills dart [Basic] Spellcasting Skills Final Attributes: You were devoutly aligned. You had infravision. You were very stealthy. You are dead. Voluntary challenges: You went without food. You did not adorn yourself with jewelry or accessories. You did not cause conflict. You were not invisible. You did not have reflection. You were not displaced. You were an atheist. You never hit with a wielded weapon. You were a pacifist. You did not use tools. You did not use plumbed fixtures. You did not drink any magical draughts. You were illiterate. You never genocided any monsters. You never polymorphed an object. You never changed form. You used no wishes. You never split a pudding. You never wrote Elbereth's name. You never violated your personal moral code. Dungeon overview: The Dungeons of Doom: levels 1 to 19 Level 1 a long staircase Level 2 Level 3 Level 4 Level 5 Level 6 Level 7 a fountain Level 8 a fountain Level 9 Level 10 Level 11 Level 12 a fountain Level 13 Level 14 Level 15 Level 16 Level 17 a fountain Level 18 a fountain Level 19 <- You were here a fountain History has recorded: On T:1 you entered the Dungeons of Doom to retrieve the Amulet of Yendor! On T:4 you reached level 2 of The Dungeons of Doom. On T:7 you reached level 3 of The Dungeons of Doom. On T:9 you reached level 4 of The Dungeons of Doom. On T:11 you reached level 5 of The Dungeons of Doom. On T:13 you reached level 6 of The Dungeons of Doom. On T:16 you reached level 7 of The Dungeons of Doom. On T:18 you reached level 8 of The Dungeons of Doom. On T:20 you reached level 9 of The Dungeons of Doom. On T:22 you reached level 10 of The Dungeons of Doom. On T:26 you reached level 11 of The Dungeons of Doom. On T:28 you reached level 12 of The Dungeons of Doom. On T:31 you reached level 13 of The Dungeons of Doom. On T:35 you reached level 15 of The Dungeons of Doom. On T:35 you entered the Rogue tribute level. On T:37 you reached level 16 of The Dungeons of Doom. On T:40 you reached level 17 of The Dungeons of Doom. On T:42 you reached level 18 of The Dungeons of Doom. On T:44 you reached level 19 of The Dungeons of Doom. Score breakdown: Gold: 0 ( 0 points) Experience: 1 level ( 0 points) Exploration: 19 levels ( 540 points) Discoveries: 1 item ( 50 points) Variety of kills: 0 monsters ( 0 points) Major goal: (nothing yet) ( 0 points) Survival: died (score multiplied by 3) Total score: 1770 Latest messages: You dig a hole through the floor. You fall through... You start digging downward. You continue digging downward. You dig a pit in the floor. You continue digging downward. You dig a hole through the floor. You fall through... You start digging downward. You continue digging downward. You dig a pit in the floor. You continue digging downward. You dig a hole through the floor. You fall through... That command is only available in debug mode. You have no weapon equipped. You begin bashing monsters with your bare paws. You miss the quasit. The quasit drinks a cloudy potion! Suddenly you cannot see the quasit. You start digging downward. You continue digging downward. You dig a pit in the floor. Something claws you! (2x) Something's sting was poisoned! You die... Final status: Aloha FIQ the Tourist, poisoned by an invisible quasit... You died in The Dungeons of Doom on dungeon level 19 with 1770 points, and 841 pieces of gold, after 47 moves. You were level 1 with a maximum of 9 hit points when you died.